 Dungeon Crawl Stone Soup version bcrawl-1.18.1 (webtiles) character file.

Game seed: 3151176782348738917

29 Freyura the Cudgeler (level 3, -3/28 HPs)
             Began as a Demonspawn Gladiator on Nov 13, 2019.
             Slain by Crazy Yiuf
             ... wielding a +4 quarterstaff of chaos
              (7 damage)
             ... while petrified by Crazy Yiuf
             ... on level 2 of the Dungeon.
             The game lasted 00:02:44 (1609 turns).

Freyura the Cudgeler (Demonspawn Gladiator)         Turns: 1609, Time: 00:02:45

Health: -3/28      AC:  6    Str: 14    XL:     3   Next: 1%
Magic:  3/3        EV:  2    Int: 13    God:
Gold:   112        SH:  0    Dex: 15    Spells: 2/2 levels left

rFire    . . .     SeeInvis .   a - +0 flail
rCold    . . .     Gourm    .   (no shield)
rNeg     + + +     Faith    .   l - +0 ring mail
rPois    ∞         Spirit   .   (helmet restricted)
rElec    .         Reflect  .   e - +0 cloak (curse)
rCorr    .         Harm     .   (no gloves)
MR       .....                  (no boots)
Stlth    +.........             (no amulet)
HPRegen  0.09/turn              m - +4 ring of intelligence
MPRegen  0.08/turn              (no ring)

@: petrified, slowed
A: antennae 1
a: no special abilities


You were on level 2 of the Dungeon.
You were not hungry.

You visited 1 branch of the dungeon, and saw 2 of its levels.

You collected 112 gold pieces.

Inventory:

Hand Weapons
 a - a +0 flail (weapon)
Missiles
 d - 3 throwing nets (quivered) {!f}
Armour
 e - a cursed +0 cloak (worn)
 l - a +0 ring mail (worn)
Jewellery
 m - a +4 ring of intelligence (left hand)
Scrolls
 g - a scroll of remove curse {unknown}
 h - 3 scrolls of identify {unknown}
 j - a scroll of immolation {unknown}
 n - a scroll of teleportation {unknown}
Potions
 b - a potion of berserk rage {unknown}
 c - 2 potions of degeneration {unknown}
 i - a potion of flight {unknown}
 k - a potion of agility {unknown}
Comestibles
 f - 5 rations {!d}


   Skills:
 + Level 2.3 Fighting
 * Level 3.2 Maces & Flails
 - Level 1.7 Throwing
 + Level 0.9 Armour
 + Level 2.9 Dodging


You had 2 spell levels left.
You didn't know any spells.
Your spell library was empty.

Dungeon Overview and Level Annotations

Branches:
Dungeon (2/12)

Altars:
Elyvilon
Fedhas

Annotations:
D:2 Crazy Yiuf


Innate Abilities, Weirdness & Mutations

You have a pair of small antennae on your head.


Message History

Crazy Yiuf freezes you.
Your ring mail prevents you from hitting Crazy Yiuf.
Crazy Yiuf is moderately wounded.
Crazy Yiuf barely misses you.
Crazy Yiuf hits you with a +4 quarterstaff of chaos.
You are slowing down.
You hit Crazy Yiuf but do no damage.
Crazy Yiuf is moderately wounded.
Crazy Yiuf says, "I'm not crazy!"
Crazy Yiuf hits you with a +4 quarterstaff of chaos.
Crazy Yiuf freezes you.
You have turned to stone.
Crazy Yiuf hits you with a +4 quarterstaff of chaos!
* * * LOW HITPOINT WARNING * * *
Crazy Yiuf says, "Island ena mumblescurry!"
Crazy Yiuf hits you with a +4 quarterstaff of chaos!
* * * LOW HITPOINT WARNING * * *
You feel yourself slow down.
Crazy Yiuf cries, "Fluff stair disdain!"
Crazy Yiuf hits you with a +4 quarterstaff of chaos!
You die...

#..#####...###
#.# #.##### ...#
##.## #.# #.....#
#..# #.# #.#
#.###.# ...# #.#
### ### #.# #.##
#.# #.## #.# #.#
♣♣♣♣♣##..# #..
#.# ####
♣♣♣.♣..#.#.# #..
###
#...#♣..♣.......#
..
#..g@.♣♣♣♣......#
#)..#♣♣ ♣♣.#..##
#### ♣♣####


You could see Crazy Yiuf.

Vanquished Creatures
  A dart slug (D:1)
  A leopard gecko (D:1)
  An orc (D:2)
  A ball python (D:2)
  A giant cockroach (D:1)
  4 goblins
  A hobgoblin (D:1)
  4 bats (D:1)
  3 frilled lizards
  5 kobolds
  3 rats (D:1)
25 creatures vanquished.

Notes
Turn   | Place    | Note
-------+----------+-------------------------------------------
     0 | D:1      | Freyura the Demonspawn Gladiator began the quest for the
                  | Orb.
     0 | D:1      | Reached XP level 1. HP: 16/16 MP: 1/1
   386 | D:1      | Gained mutation: You have a pair of small antennae on your
                  | head. [demonic ancestry]
   386 | D:1      | Reached XP level 2. HP: 22/22 MP: 2/2
   393 | D:1      | Reached skill level 3 in Maces & Flails
  1438 | D:2      | Found a blossoming altar of Fedhas.
  1468 | D:2      | Found a white marble altar of Elyvilon.
  1565 | D:2      | Reached XP level 3. HP: 28/28 MP: 3/3
  1597 | D:2      | Found a runed door.
  1601 | D:2      | Noticed Crazy Yiuf
  1609 | D:2      | Slain by Crazy Yiuf

Skill      XL: |  1  2 |
---------------+-------+-----
Maces & Flails | 3 |  3.2
Fighting       | |  2.3
Throwing       | |  1.7
Armour         | |  0.9
Dodging        | |  2.9

Action                   || total
-------------------------++-------
Melee: Flail             ||    79
 Stab: Sleeping          ||     2
  Eat: Chunk             ||     2
Armor: Leather armour    ||    29
       Ring mail         ||     9
Dodge: Dodged            ||    54
